 Dungeon Crawl Stone Soup version 0.31-a0-1159-g800acc2fd1 (webtiles) character file.

Game seed: 10477131721362938621

28846 Malachi the Metamorph (level 13, 0/112 (127) HPs)
             Began as a Troll Chaos Knight on Dec 8, 2023.
             Was a Plaything of Xom.
             Slain by a 13-headed hydra (8 damage)
             ... on level 13 of the Dungeon.
             The game lasted 00:21:59 (11796 turns).

Malachi the Metamorph (Troll Chaos Knight)         Turns: 11796, Time: 00:21:59

HP:   0/112 (127)   AC: 18    Str: 29    XL:     13   Next: 12%
MP:   0/3           EV:  9    Int:  8    God:    Xom [*.....]
Gold: 1736          SH:  5    Dex:  9    Spells: 12/12 levels left

rFire   . .          .
                       - Unarmed
rCold   + . .        (no shield)
rNeg    . . .        v - melded +1 steam dragon scales
rPois   .            t - +2 hat {Will+}
rElec   .            n - +1 cloak of Tortelloni {Will++ MP-9 Str+2}
rCorr   .            (gloves unavailable)
SInv    +            (boots unavailable)
Will    ++++.        A - amulet of reflection
Stlth   +            d - +4 ring of protection
HPRegen 1.18/turn    c - +4 ring of protection
MPRegen 0.08/turn

%: reflection
@: maw-form, heavily drained
A: devouring maw, large, unfitting armour, claws 3, regeneration 1, shaggy fur
1, tough skin 1, iridescent scales 2, see invisible, cold resistance 1, deformed
body, strong-willed 1, wild magic 2, MP-powered wands
a: Begin Untransformation, Renounce Religion


You were on level 13 of the Dungeon.
You worshipped Xom.
You were a special plaything of Xom.
You were a creature with a mouth for a stomach.
You visited 2 branches of the dungeon, and saw 15 of its levels.
You also visited: Bailey.

You collected 2564 gold pieces.
You spent 828 gold pieces at shops.

Inventory:

Armour
 a - an orb of mayhem
 n - the +1 cloak of Tortelloni (worn) {Will++ MP-9 Str+2}
   (You found it on level 11 of the Dungeon)

   Str+2:     It affects your strength (+2).
   Will++:    It greatly increases your willpower.
   MP-9:      It affects your magic capacity (-9).
 t - a +2 hat of willpower (worn)
 v - +1 steam dragon scales (melded)
 J - a +0 troll leather armour
Jewellery
 c - a +4 ring of protection (right claw)
 d - a +4 ring of protection (left claw)
 p - a ring of willpower
 z - a ring of flight
 A - an amulet of reflection (around neck)
 H - a ring of protection from fire
Talismans
 x - a maw talisman (active)
Wands
 r - a wand of polymorph (7)
 I - a wand of flame (5)
 L - a wand of paralysis (4)
Scrolls
 b - 3 scrolls of butterflies
 g - 3 scrolls of immolation
 h - 6 scrolls of poison
 k - 8 scrolls of teleportation
 y - 2 scrolls of fog
 B - a scroll of fear
 D - 5 scrolls of identify
 E - a scroll of silence
 F - a scroll of enchant armour
 K - a scroll of enchant weapon
Potions
 e - 5 potions of curing
 f - 4 potions of attraction
 i - 2 potions of magic
 j - 2 potions of ambrosia
 l - 2 potions of invisibility
 m - 3 potions of enlightenment
 o - 4 potions of mutation
 q - a potion of cancellation
 s - 3 potions of lignification
 u - 2 potions of haste


   Skills:
 - Level 8.0 Fighting
 - Level 1.9 Dodging
 - Level 13.0 Unarmed Combat
 + Level 15.0 Shapeshifting


You had 12 spell levels left.
You didn't know any spells.
Your spell library contained the following spells:

 Spells                   Type           Power      Damage    Failure   Level
 Foxfire                  Conj/Fire      0%         2x1d4     58%         1
 Sublimation of Blood     Necr           0%         N/A       71%         2
 Wereblood                Tmut           0%         N/A       71%         2
 Gell's Gravitas          Tloc           0%         N/A       89%         3
 Ozocubu's Armour         Ice            0%         N/A       89%         3
 Teleport Other           Tloc           0%         N/A       89%         3
 Animate Armour           Summ/Erth      0%         N/A       99%         4
 Summon Lightning Spire   Summ/Air       0%         N/A       99%         4
 Lee's Rapid Deconstruct  Erth           0%         3d4*      100%        5
 Metabolic Englaciation   Hex/Ice        0%         N/A       100%        5
 Dispersal                Tloc           0%         N/A       100%        6
 Plasma Beam              Fire/Air       0%         2x1d10    100%        6
 Simulacrum               Ice/Necr       0%         N/A       100%        6
 Starburst                Conj/Fire      0%         6d3       100%        6
 Summon Hydra             Summ           0%         N/A       100%        7


Dungeon Overview and Level Annotations

Branches:
Dungeon (13/15)            Temple (0/1) D:6            Lair (0/5) D:11
    Orc (2/2) D:12            Elf (0/3) Orc:2        Bailey (visited)
 Vaults: D:13-14

Altars:
Ashenzari
Cheibriados
Hepliaklqana
Kikubaaqudgha
Makhleb
Okawaru
Qazlal
Sif Muna
Trog
Uskayaw
Vehumet
Wu Jian
Xom
Yredelemnul
The Shining One

Shops:
D:12 [   Orc:1 :   Orc:2 [*!([

Annotations:
D:10 2 transporters, 1 runed translucent door, tish's ghost, journeyman OpIE


Innate Abilities, Weirdness & Mutations

You are a creature with a mouth for a stomach.
Your midsection houses a second, enormous mouth.
You are too large for most types of armour.
You have claws for hands.
Your natural rate of healing is unusually fast.
You are covered in fur. (AC +1)
You have tough skin. (AC +1)
You are mostly covered in iridescent scales. (AC +4)
You have supernaturally acute eyesight. (SInv)
Your flesh is cold resistant. (rC+)
Armour fits poorly on your strangely shaped body.
You are strong-willed. (Will+)
Your spells are harder to cast, but more powerful.
You expend magic power (3 MP) to strengthen your wands.


Message History

The 13-headed hydra bites you but does no damage.
You block the 13-headed hydra's attack.
The 13-headed hydra bites you but does no damage.
The 13-headed hydra closely misses you. The 13-headed hydra bites you!
The 13-headed hydra completely misses you.
The 13-headed hydra bites you but does no damage.
You barely miss the 13-headed hydra.
The 13-headed hydra is severely wounded.
You barely miss the 13-headed hydra. You claw the 13-headed hydra!
You bite the 13-headed hydra!
The 13-headed hydra is almost dead.
You block the 13-headed hydra's attack. The 13-headed hydra bites you.
The 13-headed hydra closely misses you. The 13-headed hydra bites you!
* * * LOW HITPOINT WARNING * * *
The 13-headed hydra bites you but does no damage.
The 13-headed hydra closely misses you. x2; The 13-headed hydra bites you!
* * * LOW HITPOINT WARNING * * *
The 13-headed hydra bites you.
* * * LOW HITPOINT WARNING * * *
The 13-headed hydra bites you but does no damage. x2
The 13-headed hydra barely misses you. The 13-headed hydra bites you!
* * * LOW HITPOINT WARNING * * *
As you read the scroll of fear, it crumbles to dust.
You assume a fearsome visage.
The 13-headed hydra looks frightened!
Aiming: Paralyse
Press: ? - help, Shift-Dir - straight line, f - 13-headed hydra
Aim: a 13-headed hydra (almost dead, fleeing, chance to affect: 20%)
Your attack snaps the 13-headed hydra out of its fear.
The 13-headed hydra resists with almost no effort.
Unknown command.
Aiming: Paralyse
Press: ? - help, Shift-Dir - straight line, f/p - 13-headed hydra
Aim: a 13-headed hydra (almost dead, chance to affect: 17%)
The 13-headed hydra resists with almost no effort.
The 13-headed hydra bites you but does no damage.
The 13-headed hydra barely misses you.
The 13-headed hydra bites you but does no damage.
The 13-headed hydra closely misses you. The 13-headed hydra barely misses you.
The 13-headed hydra bites you!
You die...

#^# #.# ########
#.# #......#
######.####
#.####.#
#..........
####.###.##.....##
#.......#.##...##
#.##.###.####.##
#W##.# ### #.#
#..D...# #.#
##..#### #+# ...#
##.## #. .. #. .


You could see a 13-headed hydra.

Vanquished Creatures
  Gastronok (Orc:1)
  An orc warlord (Orc:2)
  A vault guard (Bailey)
  A two-headed ogre (D:8)
  4 orc high priests (Orc:2)
  Nergalle (Orc:1)
  Pikel (D:5)
  An orc knight (Orc:2)
  A deep elf pyromancer (D:12)
  An ugly thing (D:13)
  2 orc sorcerers (Orc:2)
  Maurice (D:7)
  2 cyclopes
  5 kobold blastminers
  A gargoyle (D:10)
  A komodo dragon (D:11)
  2 unseen horrors (D:12)
  Jeremiah (D:8)
  3 trolls
  A hornet (D:9)
  Prince Ribbit (Bailey)
  Sigmund (D:2)
  6 slime creatures
  A wraith (D:12)
  2 shadows
  A wyvern (D:9)
  10 yaks
  4 steam dragons
  3 humans (Bailey)
  7 vampire mosquitoes
  3 wargs (Orc:2)
  A water moccasin (D:6)
  22 orc warriors
  A black bear (D:6)
  A sky beast (D:8)
  7 ogres
  6 centaurs
  A phantom (D:5)
  A kobold brigand (D:9)
  A gnoll sergeant (D:6)
  13 bullfrogs
  2 scorpions
  9 wights
  16 killer bees
  3 howler monkeys
  4 hounds
  4 jellies
  33 orc priests
  A gnoll bouda (D:7)
  A human skeleton (D:10)
  5 iguanas
  2 sleepcaps
  26 orc wizards
  12 gnolls
  6 adders
  A river rat (Orc:2)
  4 white imps
  2 ufetubi (D:6)
  2 worms (D:2)
  2 dart slugs
  67 orcs
  7 endoplasms
  3 giant cockroaches
  5 goblins
  10 hobgoblins
  3 jackals (D:1)
  3 quokkas
  7 ball pythons
  7 bats
  3 frilled lizards
  16 kobolds
  A kobold skeleton (D:10)
  3 rats
395 creatures vanquished.

Vanquished Creatures (collateral kills)
  A vault guard (Bailey)
  4 yaks
  A centaur (D:9)
  2 bullfrogs
  10 killer bees
  An orc priest (Orc:2)
  A gnoll bouda (D:9)
  An orc wizard (D:9)
  An orc (D:10)
  2 hobgoblins (Bailey)
24 creatures vanquished.

Vanquished Creatures (others)
  A troll (D:12)
  2 orc priests (Orc:2)
  An orc (Bailey)
  A goblin (Bailey)
5 creatures vanquished.

Grand Total: 424 creatures vanquished

Notes
Turn   | Place    | Note
-------+----------+-------------------------------------------
     0 | D:1      | Malachi the Troll Chaos Knight began the quest for the Orb.
     0 | D:1      | Reached XP level 1. HP: 22/22 MP: 0/0
    89 | D:1      | XOM: silly message
   176 | D:1      | Reached skill level 1 in Shapeshifting
   176 | D:1      | Reached XP level 2. HP: 26/29 MP: 1/1
   389 | D:1      | Found a faded altar of an unknown god.
   593 | D:2      | XOM: snakes to sticks
   639 | D:2      | Reached XP level 3. HP: 36/36 MP: 2/2
   712 | D:2      | Reached skill level 2 in Shapeshifting
   733 | D:2      | XOM: noise
   744 | D:2      | Reached XP level 4. HP: 41/44 MP: 3/3
   935 | D:2      | Noticed Sigmund
   945 | D:2      | Killed Sigmund
   946 | D:2      | Reached skill level 5 in Unarmed Combat
   946 | D:2      | Reached skill level 3 in Shapeshifting
   946 | D:2      | Reached XP level 5. HP: 50/50 MP: 4/4
   962 | D:2      | Found a stormy altar of Qazlal.
  1350 | D:2      | XOM: give mutation
  1350 | D:2      | Gained mutation: You have supernaturally acute eyesight.
                  | (SInv) [Xom's grace]
  1532 | D:3      | Found a broken altar of Ashenzari.
  1638 | D:3      | XOM: 3-stop teleportation journey
  1641 | D:3      | Reached XP level 6. HP: 57/59 MP: 5/5
  1787 | D:3      | Found a shimmering blue altar of Sif Muna.
  1903 | D:3      | XOM: give mutation
  1903 | D:3      | Gained mutation: You have large cloven feet. [Xom's grace]
  1945 | D:3      | XOM is BORED!
  1945 | D:3      | XOM: silly message
  1963 | D:3      | Found a glowing golden altar of the Shining One.
  1974 | D:3      | Found a burning altar of Makhleb.
  1982 | D:3      | XOM: silly message
  2148 | D:4      | XOM: potion effect (curing)
  2153 | D:4      | Reached skill level 4 in Shapeshifting
  2174 | D:4      | XOM: god gift: leather armour {god gift}
  2205 | D:4      | XOM: give mutations
  2205 | D:4      | Gained mutation: Your flesh is cold resistant. (rC+) [Xom's
                  | grace]
  2205 | D:4      | Gained mutation: You are strong-willed. (Will+) [Xom's
                  | grace]
  2205 | D:4      | Gained mutation: You are partially covered in iridescent
                  | scales. (AC +2) [Xom's grace]
  2234 | D:4      | XOM: cloud trail
  2334 | D:4      | Paralysed by you for 3 turns
  2351 | D:4      | XOM: stat loss: -1 Dex (8/9)
  2551 | D:4      | XOM: cloud trail
  2945 | D:5      | Entered Level 5 of the Dungeon
  3002 | D:5      | Reached XP level 7. HP: 66/66 MP: 6/6
  3107 | D:5      | Found a bloodstained altar of Trog.
  3111 | D:5      | Reached skill level 5 in Shapeshifting
  3125 | D:5      | Found a snail-covered altar of Cheibriados.
  3127 | D:5      | XOM: 8-stop teleportation journey
  3160 | D:5      | XOM: summons 5 friendly demons
  3200 | D:5      | Noticed Pikel
  3210 | D:5      | Killed Pikel
  3211 | D:5      | Reached skill level 6 in Shapeshifting
  3211 | D:5      | Reached XP level 8. HP: 72/74 MP: 7/7
  3497 | D:5      | XOM: scenery: 1 doors close
  3550 | D:6      | XOM: give mutations
  3550 | D:6      | Lost mutation: You have large cloven feet. [Xom's grace]
  3550 | D:6      | Gained mutation: You have sharp toenails. [Xom's grace]
  3550 | D:6      | Gained mutation: Your spells are a little harder to cast,
                  | but a little more powerful. [Xom's grace]
  3550 | D:6      | Gained mutation: Your spells are harder to cast, but more
                  | powerful. [Xom's grace]
  3558 | D:6      | XOM: cloud trail
  3662 | D:6      | XOM: cleaving
  3741 | D:6      | XOM: cloud trail
  3785 | D:6      | XOM: confuse monster(s)
  3786 | D:6      | XOM: cleaving
  3854 | D:6      | Reached skill level 7 in Shapeshifting
  3879 | D:6      | Found a hide-covered altar of Uskayaw.
  3881 | D:6      | XOM: destruction
  3901 | D:6      | Identified the +5 dagger of Gusma {heavy, Str+3}
  4051 | D:6      | Found a staircase to the Ecumenical Temple.
  4131 | D:6      | Reached XP level 9. HP: 73/80 MP: 8/8
  4393 | D:6      | XOM: scenery: summon butterflies
  4596 | D:7      | Identified the +3 leather armour of Summer {rN+ Regen+}
  4597 | D:7      | Noticed Maurice
  4611 | D:7      | Killed Maurice
  4612 | D:7      | Reached skill level 8 in Shapeshifting
  4619 | D:7      | Found a hazy altar of Hepliaklqana.
  4765 | D:7      | XOM: divination: magic mapping
  5105 | D:8      | Noticed Jeremiah
  5109 | D:8      | XOM: potion effect (brilliance)
  5117 | D:8      | Killed Jeremiah
  5138 | D:8      | Found a radiant altar of Vehumet.
  5180 | D:8      | Found an iron altar of Okawaru.
  5211 | D:8      | Reached skill level 10 in Unarmed Combat
  5225 | D:8      | Noticed a two-headed ogre
  5234 | D:8      | XOM: potion effect (heal wounds)
  5240 | D:8      | Killed a two-headed ogre
  5241 | D:8      | Reached XP level 10. HP: 30/94 MP: 9/9
  5411 | D:8      | Reached skill level 9 in Shapeshifting
  5433 | D:8      | Found an ornate altar of the Wu Jian Council.
  5546 | D:8      | Found an ancient bone altar of Kikubaaqudgha.
  5623 | D:9      | XOM: divination: detect items
  5631 | D:9      | Reached skill level 5 in Fighting
  5731 | D:9      | XOM: divination: detect items
  5808 | D:9      | XOM: noise
  5846 | D:9      | XOM: 1-stop teleportation journey
  5897 | D:9      | Identified the +0 robe of Wuc Fudi {rElec Int-5 Dex+2 SInv}
  5929 | D:9      | XOM: chaos cloud
  6073 | D:9      | XOM: scenery: create altars
  6187 | D:9      | XOM: give mutation
  6187 | D:9      | Gained mutation: Your spells are much harder to cast, but
                  | much more powerful. [Xom's mischief]
  6322 | D:10     | Entered Level 10 of the Dungeon
  6361 | D:10     | Noticed a gargoyle
  6366 | D:10     | Killed a gargoyle
  6416 | D:10     | Found a transporter.
  6417 | D:10     | Noticed tish's ghost (journeyman OpIE)
  6417 | D:10     | XOM: give mutation
  6417 | D:10     | Gained mutation: Your mind is acute. (Int +4, Str/Dex -1)
                  | [Xom's grace]
  6424 | D:10     | XOM: give mutations
  6424 | D:10     | Gained mutation: Armour fits poorly on your strangely
                  | shaped body. [Xom's mischief]
  6424 | D:10     | Lost mutation: You have sharp toenails. [Xom's mischief]
  6424 | D:10     | Gained mutation: You are weak. (Str -2) [Xom's mischief]
  6441 | D:10     | XOM: cast spell 'Summon Mana Viper'
  6464 | D:10     | XOM: polymorph killer bee -> orc
  6506 | D:10     | Found a flagged portal.
  6520 | Bailey   | Entered a bailey
  6529 | Bailey   | Reached skill level 10 in Shapeshifting
  6668 | Bailey   | XOM: divination: detect items
  6674 | Bailey   | XOM: enchant monster (bad)
  6721 | Bailey   | Reached XP level 11. HP: 107/107 MP: 10/10
  6721 | Bailey   | XOM: noise
  6724 | Bailey   | XOM: enchant monster (good)
  6737 | Bailey   | Noticed a vault guard
  6738 | Bailey   | Noticed Prince Ribbit
  6757 | Bailey   | Killed a vault guard
  6761 | Bailey   | Killed Prince Ribbit
  6840 | Bailey   | Noticed a vault guard
  6846 | Bailey   | Killed a vault guard
  7023 | Bailey   | Identified a scroll of acquirement
  7023 | Bailey   | Acquired 1135 gold pieces
  7037 | Bailey   | XOM: scenery: 1 doors close
  7132 | D:10     | XOM: god gift: +0 hat of willpower
  7294 | D:10     | Found a runed translucent door.
  7299 | D:10     | Found a basalt altar of Yredelemnul.
  7436 | D:10     | XOM: 2-stop teleportation journey
  7621 | D:10     | XOM: god gift: 52 gold pieces
  7687 | D:10     | Found a transporter.
  8033 | D:11     | Identified the +4 rapier of the Tent {freeze, rN+}
  8149 | D:11     | XOM: summons 11 friendly demons
  8179 | D:11     | XOM: polymorph iron imp -> quasit
  8304 | D:11     | XOM: silly message
  8395 | D:11     | XOM: polymorph basilisk -> iguana
  8396 | D:11     | Found a staircase to the Lair.
  8572 | D:11     | Identified the +1 cloak of Tortelloni {Will++ MP-9 Str+2}
  8761 | D:12     | XOM: enchant monster (bad)
  8802 | D:12     | XOM: noise
  8898 | D:12     | XOM: give mutations
  8898 | D:12     | Lost mutation: Your mind is acute. (Int +4, Str/Dex -1)
                  | [Xom's mischief]
  8898 | D:12     | Gained mutation: You expend magic power (3 MP) to
                  | strengthen your wands. [Xom's mischief]
  8898 | D:12     | Lost mutation: Your spells are much harder to cast, but
                  | much more powerful. [Xom's mischief]
  8903 | D:12     | Noticed a deep elf pyromancer
  8904 | D:12     | XOM: silly message
  8907 | D:12     | Killed a deep elf pyromancer
  8908 | D:12     | Reached skill level 11 in Shapeshifting
  8945 | D:12     | XOM: god gift: 10 gold pieces
  9080 | D:12     | Found Levistra's Armour Emporium.
  9082 | D:12     | Found a staircase to the Orcish Mines.
  9126 | D:12     | Reached XP level 12. HP: 119/119 MP: 2/11
  9223 | D:12     | Found a bloodstained altar of Trog.
  9250 | D:12     | XOM: divine lightning
  9280 | D:12     | XOM: fog
  9432 | D:12     | XOM: god gift: 11 gold pieces
  9571 | Orc:1    | Entered Level 1 of the Orcish Mines
  9653 | Orc:1    | Noticed Nergalle
  9661 | Orc:1    | Killed Nergalle
  9662 | Orc:1    | Reached skill level 12 in Shapeshifting
  9785 | Orc:2    | Entered Level 2 of the Orcish Mines
  9790 | Orc:2    | XOM: torment (61/119 hp)
  9954 | Orc:2    | Noticed an orc high priest
  9957 | Orc:2    | Killed an orc high priest
  9990 | Orc:2    | XOM: destruction
  9990 | Orc:2    | Noticed an orc high priest
  9998 | Orc:2    | XOM: confuse monster(s)
 10014 | Orc:2    | Noticed an orc high priest
 10014 | Orc:2    | XOM: fog
 10020 | Orc:2    | Killed an orc high priest
 10028 | Orc:2    | Killed an orc high priest
 10029 | Orc:2    | Reached skill level 13 in Shapeshifting
 10044 | Orc:2    | XOM: confuse monster(s)
 10046 | Orc:2    | Noticed an orc high priest
 10049 | Orc:2    | XOM: summons friendly ufetubus
 10059 | Orc:2    | XOM: cleaving
 10062 | Orc:2    | Killed an orc high priest
 10114 | Orc:2    | Found a staircase to the Elven Halls.
 10245 | Orc:2    | Found Meroapse's Armour Shop.
 10313 | Orc:2    | Noticed an orc warlord
 10336 | Orc:2    | XOM: divination: detect creatures
 10339 | Orc:2    | XOM: cleaving
 10346 | Orc:2    | XOM: confuse monster(s)
 10464 | Orc:2    | Found Unanger's Weapon Shop.
 10464 | Orc:2    | Found Buimull's Distillery.
 10465 | Orc:2    | Found Weiwnuge's Armour Boutique.
 10469 | Orc:2    | Found Nutyun's General Store.
 10474 | Orc:2    | Bought a scroll of teleportation for 39 gold pieces
 10474 | Orc:2    | Bought a potion of haste for 130 gold pieces
 10474 | Orc:2    | Bought a potion of invisibility for 104 gold pieces
 10476 | Orc:2    | Bought 2 potions of mutation for 240 gold pieces
 10476 | Orc:2    | Bought a potion of heal wounds for 75 gold pieces
 10476 | Orc:2    | Bought a potion of haste for 150 gold pieces
 10476 | Orc:2    | Bought 2 potions of lignification for 90 gold pieces
 10567 | Orc:2    | XOM: polymorph orc wizard -> river rat
 10775 | Orc:2    | Reached skill level 14 in Shapeshifting
 10776 | Orc:2    | XOM: scenery: create altars
 10777 | Orc:2    | XOM: scenery: summon butterflies
 10778 | Orc:2    | XOM: cleaving
 10787 | Orc:2    | XOM: cleaving
 10801 | Orc:2    | Killed an orc warlord
 10865 | Orc:2    | XOM: give mutations
 10865 | Orc:2    | Lost mutation: You are weak. (Str -2) [Xom's grace]
 10865 | Orc:2    | Gained mutation: You are mostly covered in iridescent
                  | scales. (AC +4) [Xom's grace]
 10911 | Orc:1    | Found Esi Xeq's Self-Improvement Boutique.
 11051 | Orc:1    | Noticed Gastronok
 11059 | Orc:1    | XOM: summons 5 friendly demons
 11202 | Orc:2    | XOM: enchant monster (good)
 11232 | Orc:1    | Reached XP level 13. HP: 78/127 MP: 3/12
 11361 | Orc:1    | XOM: enchant monster (bad)
 11367 | Orc:1    | Killed Gastronok
 11646 | D:13     | XOM: torment (65/127 hp)
 11783 | D:13     | XOM: draining
 11784 | D:13     | Reached skill level 15 in Shapeshifting
 11793 | D:13     | HP: 4/112 [13-headed hydra (11)]
 11796 | D:13     | Slain by a 13-headed hydra

Illustrated notes

Levels and vault maps discovered:
D:1:      ldierk_walled_garden, layout_basic,
          ebering_ecumenical_altar_abandoned, chequers_serial_rivers_large_b,
          chequers_mini_garden, chequers_serial_rivers_micro_c,
          due_unseen_surprise
D:2:      wad_river_or_something, layout_loops_ring, basic_altar,
          kennysheep_generic_room_10, uniq_sigmund
D:3:      layout_basic, hellmonk_sif_muna_bookshelves,
          mainiacjoe_overflow_surrounded_room, mainiacjoe_overflow_swirl
D:4:      layout_cave_pods, chequers_serial_rivers_micro_d
D:5:      layout_basic, mainiacjoe_overflow_paths, kennysheep_mini_moat,
          uniq_pikel
D:6:      layout_basic, nicolae_uskayaw_murder_on_the_dancefloor, temple_pool_b,
          corexii_corridor_pit, nicolae_grassy_gnolls
D:7:      layout_loops_ring, amcnicky_altar_gilded, uniq_maurice
D:8:      layout_rooms, mainiacjoe_overflow_tiny_flanked,
          mainiacjoe_overflow_small_starburst, lemuel_crystal_altar,
          mainiacjoe_overflow_cross_hatched, uniq_jeremiah
D:9:      layout_basic, minmay_fractal_squares_5
D:10:     layout_basic, dk_yredelemnul_ordeal, gammafunk_ghost_stat_death,
          enter_bailey_2
D:11:     layout_gridville, david_lair_shrubbed
D:12:     layout_roguey, orc_david_3, trog_three_pillars_becter
D:13:     layout_loops_corners, david_vaults_2, minivault_7, uniq_urug,
          uniq_sonja, uniq_jorgrun
Orc:1:    layout_caves, nicolae_shop_self_help, uniq_nergalle, uniq_gastronok
Orc:2:    st_orc_mages, layout_caves, serial_shops,
          nicolae_shop_competitors_out_of_business, minmay_orc_temple_a

Skill      XL: |  1  2  3  4  5  6  7  8  9 10 11 12 13 |
---------------+----------------------------------------+-----
Shapeshifting  | 1 2 3 4 6 7 8 10 11 14 15 | 15.0
Unarmed Combat | 4 5 6 7 9 10 11 13 | 13.0
Fighting       | 4 6 8 |  8.0
Dodging        | |  1.9

Action                     |  1- 3 |  4- 6 |  7- 9 | 10-12 | 13-15 || total
---------------------------+-------+-------+-------+-------+-------++-------
  Melee: Unarmed           |    69 |   129 |   224 |   624 |    31 ||  1077
         Punch             |     2 |     3 |     4 |    24 |     4 ||    37
         Kick              |       |    12 |    49 |    22 |       ||    83
         Maw               |       |       |       |   109 |    19 ||   128
  Evoke: Wand              |       |       |       |       |     2 ||     2
    Use: Scroll            |       |     4 |     5 |    13 |     3 ||    25
         Potion            |       |     1 |     1 |    11 |       ||    13
   Stab: Sleeping          |     2 |       |       |       |       ||     2
         Invisible         |       |       |       |     2 |       ||     2
         Paralysed         |       |       |       |     2 |       ||     2
         Distracted        |       |       |       |     1 |       ||     1
 Armour: Robe              |    38 |    89 |   177 |       |       ||   304
         Steam dragon scal |       |       |    33 |   191 |       ||   224
         Skin              |       |       |       |   357 |    64 ||   421
  Dodge: Dodged            |    32 |    60 |   127 |   279 |    21 ||   519
  Block: Other             |       |       |       |    97 |     6 ||   103
         Reflection        |       |       |       |     7 |       ||     7
   Form: Maw               |       |       |       |     1 |       ||     1

Table legend: (Time is in decaauts)
 A = Elapsed time spent in this place.
 B = Non-inter-level travel time spent in this place.
 C = Inter-level travel time spent in this place.
 D = Time resting spent in this place.
 E = Time spent auto-exploring this place.
 F = Levels seen in this place.
 G = Mean time per level.
                   A        B        C        D        E       F      G
               +--------+--------+--------+--------+--------+-----+--------+
         Total |  11596 |  11082 |    514 |   1032 |   7471 |  16 |  724.8 |
       Dungeon |   9134 |   8774 |    360 |    343 |   6580 |  13 |  702.6 |
  Orcish Mines |   1956 |   1802 |    154 |    375 |    889 |   2 |  978.0 |
        Bailey |    505 |    505 |      0 |    314 |      2 |   1 |  505.0 |
               +--------+--------+--------+--------+--------+-----+--------+

Top non-repeatable levels by time:
   Orc:2: 1413 daAuts
    D:10: 1034 daAuts
     D:2: 917 daAuts
     D:6: 867 daAuts
    D:12: 845 daAuts
    D:11: 824 daAuts
     D:4: 803 daAuts
     D:7: 695 daAuts
     D:9: 693 daAuts
     D:3: 662 daAuts
     D:5: 568 daAuts
     D:1: 545 daAuts
   Orc:1: 543 daAuts
  Bailey: 505 daAuts
     D:8: 502 daAuts
